 Dungeon Crawl Stone Soup version 0.30-a0-12-gd8047c6341 (webtiles) character file.

Game seed: 1064825996424431696

8 drpainis the Chopper (level 2, 0/40 HPs)
             Began as a Minotaur Berserker on Aug 23, 2022.
             Was a Follower of Trog.
             Slain by a goblin
             ... wielding a +0 club
              (2 damage)
             ... on level 1 of the Dungeon.
             The game lasted 00:00:14 (100 turns).

drpainis the Chopper (Minotaur Berserker)            Turns: 100, Time: 00:00:15

Health: 0/40       AC:  2    Str: 21    XL:     2   Next: 0%
Magic:  1/1        EV: 12    Int:  4    God:    Trog [*.....]
Gold:   52         SH:  0    Dex:  9    Spells: 1/1 levels left

rFire   . . .      SeeInvis .    a - +0 hand axe
rCold   . . .      Faith    .    (no shield)
rNeg    . . .      Spirit   .    b - +0 animal skin
rPois   .          Reflect  .    (helmet restricted)
rElec   .          Harm     .    (no cloak)
rCorr   .          Rampage  .    (no gloves)
Will    .....                    (no boots)
Stlth   ..........               (no amulet)
HPRegen 0.13/turn                (no ring)
MPRegen 0.07/turn                (no ring)

@: berserking, very quick
A: horns 2, retaliatory headbutt
a: Renounce Religion, Berserk


You were on level 1 of the Dungeon.
You worshipped Trog.
Trog was aware of your devotion.
You visited 1 branch of the dungeon, and saw 1 of its levels.

You collected 52 gold pieces.

Inventory:

Hand Weapons
 a - a +0 hand axe (weapon)
Armour
 b - a +0 animal skin (worn)
Jewellery
 c - a ring of fire
Scrolls
 d - a scroll of fear {unknown}


   Skills:
 + Level 3.9 Fighting
 + Level 3.9 Axes
 + Level 2.5 Armour
 + Level 2.3 Dodging


You had one spell level left.
You didn't know any spells.
Your spell library was empty.

Dungeon Overview and Level Annotations

Branches:
Dungeon (1/15)

Altars:


Innate Abilities, Weirdness & Mutations

You have a pair of horns on your head.
You reflexively headbutt those who attack you in melee.


Message History

The quokka bites you.
A hobgoblin comes into view.
The hobgoblin hits you. The quokka bites you.
The ball python barely misses you. You furiously retaliate!
You headbutt the ball python!
You kill the ball python!
Trog accepts your kill. The giant cockroach bites you.
* * * LOW HITPOINT WARNING * * *
A red film seems to cover your vision as you go berserk!
You feel yourself moving faster!
You feel mighty!
The hobgoblin shouts!
The hobgoblin misses you. The quokka barely misses you.
The giant cockroach bites you.
* * * LOW HITPOINT WARNING * * *
You closely miss the quokka. Your headbutt misses the quokka.
You closely miss the giant cockroach. You closely miss the hobgoblin.
The hobgoblin hits you.
* * * LOW HITPOINT WARNING * * *
The quokka bites you.
* * * LOW HITPOINT WARNING * * *
The giant cockroach bites you.
* * * LOW HITPOINT WARNING * * *
You closely miss the quokka. You slash the hobgoblin!
You kill the hobgoblin!
Trog accepts your kill.
You slash the kobold!
You kill the kobold!
Trog accepts your kill.
You hit the giant cockroach.
You kill the giant cockroach!
Trog accepts your kill. The quokka bites you.
* * * LOW HITPOINT WARNING * * *
You have reached level 2!
You slash the quokka!
You kill the quokka!
Trog accepts your kill.
You barely miss the goblin. The goblin hits you with a +0 club.
You die...

.8..P~≈### ........#
.P.~~≈##.##........# ..
~.~~≈##..#.........# ...
8+8###.............#...
..........#####....#...
.##...##..#####..#..#
.##...###...........###.
.##...# ##.####.)†..'...
.##...# #.##...@†g.g...
.##...# #.#...##g##....
.##...# #.#.## #K# .#.
.##)..# #...


hSg ......# ### ##b #.#.#.# .. ......# . #.#.#.# ......# You could see a jackal,
3 hobgoblins, a goblin, a bat, a ball python and a kobold.

Vanquished Creatures
  A giant cockroach (D:1)
  A hobgoblin (D:1)
  A jackal (D:1)
  A quokka (D:1)
  A ball python (D:1)
  A frilled lizard (D:1)
  2 kobolds (D:1)
  A rat (D:1)
9 creatures vanquished.

Notes
Turn   | Place    | Note
-------+----------+-------------------------------------------
     0 | D:1      | drpainis the Minotaur Berserker began the quest for the
                  | Orb.
     0 | D:1      | Reached XP level 1. HP: 19/19 MP: 0/0
    99 | D:1      | HP: 1/30 [quokka (2)]
   100 | D:1      | Reached XP level 2. HP: 2/27 MP: 1/1
   100 | D:1      | Slain by a goblin

Illustrated notes

Levels and vault maps discovered:
D:1:      lightli_arrival_statuegarden, layout_basic, minmay_misc_feat_tiny,
          glass_columns_b, minmay_ruptured

Action                   || total
-------------------------++-------
Melee: Hand axe          ||     9
       Headbutt          ||     1
Invok: Berserk           ||     1
Armor: Animal skin       ||     3
Dodge: Dodged            ||    11

Table legend: (Time is in decaauts)
 A = Elapsed time spent in this place.
 B = Non-inter-level travel time spent in this place.
 C = Inter-level travel time spent in this place.
 D = Time resting spent in this place.
 E = Time spent auto-exploring this place.
 F = Levels seen in this place.
 G = Mean time per level.
                   A        B        C        D        E       F      G
               +--------+--------+--------+--------+--------+-----+--------+
         Total |    100 |    100 |      0 |      0 |     63 |   1 |  100.0 |
       Dungeon |    100 |    100 |      0 |      0 |     63 |   1 |  100.0 |
               +--------+--------+--------+--------+--------+-----+--------+

Top non-repeatable levels by time:
     D:1: 100 daAuts
